 Dungeon Crawl Stone Soup version 0.21-a0-442-g848f44b (webtiles) character file.

8347 Ijustatesigmund the Fighter (level 11, -3/81 HPs)
             Began as an Octopode Artificer on Nov 16, 2017.
             Slain by an unseen horror (7 damage)
             ... on level 10 of the Dungeon.
             The game lasted 00:43:16 (13743 turns).

Ijustatesigmund the Fighter (Octopode Artificer)   Turns: 13743, Time: 00:43:18

Health: -3/81      AC:  1    Str: 20    XL:     11   Next: 29%
Magic:  22/22      EV: 22    Int: 18    God:
Gold:   516        SH: 15    Dex: 25    Spells: 7/10 levels left

rFire    + . .     SeeInvis .   a - +2 whip
rCold    . . .     Gourm    .   D - +1 shield {reflect}
rNeg     + . .     Faith    .   (helmet restricted)
rPois    +         Spirit   .   w - +2 amulet of reflection
rElec    .         Reflect  +   l - ring of stealth
rCorr    .         Harm     .   e - ring of flight
MR       ++...                  x - ring of Insomnia {rPois rF+ rN+ MR++ Dex+3}
Stlth    ++++++....             z - +3 ring of strength
HPRegen  0.23/turn              B - +2 ring of dexterity
MPRegen  0.18/turn              I - ring of magical power
                                P - +4 ring of intelligence
                                (no ring)

@: mighty, agile, studying Dodging
A: almost no armour, stealthy swim, amphibious, 8 rings, constrict 8, camouflage
1, gelatinous body 1
a: Evoke Flight


You were on level 10 of the Dungeon.
You were not hungry.

You visited 1 branch of the dungeon, and saw 11 of its levels.
You also visited: Labyrinth.

You collected 516 gold pieces.

Inventory:

Hand Weapons
 a - a +2 whip (weapon)
 R - a +6 blowgun
Armour
 D - a +1 shield of reflection (worn)
Jewellery
 e - a ring of flight (right tentacle)
 l - a ring of stealth (left tentacle)
 n - an uncursed ring of fire
 r - an uncursed ring of ice
 w - a +2 amulet of reflection (around mantle)
 x - the ring of Insomnia (on tentacle) {rPois rF+ rN+ MR++ Dex+3}
   (You found it on level 6 of the Dungeon)

   [ring of positive energy]

   It affects your dexterity (+3).
   It protects you from fire.
   It protects you from poison.
   It protects you from negative energy.
   It affects your resistance to hostile enchantments.
 z - a +3 ring of strength (on tentacle)
 B - a +2 ring of dexterity (on tentacle)
 I - a ring of magical power (on tentacle)
 P - a +4 ring of intelligence (on tentacle)
Wands
 b - a wand of polymorph (12/24)
 c - a wand of enslavement (3/24)
 d - a wand of random effects (11/48)
 y - a wand of clouds (1/9)
 A - a wand of lightning (1/15)
 J - a wand of flame (9/48)
 K - a wand of digging (14/24)
 M - a wand of iceblast (7/15)
Scrolls
 i - a scroll of fog
 t - 5 scrolls of remove curse
 H - 2 scrolls of amnesia
Potions
 j - a potion of curing
 o - 3 potions of resistance
 C - 2 potions of brilliance
Books
 h - the Reference Book on Supportive Air
   (You found it on level 5 of the Dungeon)

   Spells                             Type                      Level
   a - Call Imp                       Summoning                    2
   b - Recall                         Summoning/Translocation      3
   c - Summon Ice Beast               Ice/Summoning                4
   d - Summon Forest                  Summoning/Translocation      5
   e - Deflect Missiles               Charms/Air                   6
 k - a book of Flames

   Spells                             Type                      Level
   a - Flame Tongue                   Conjuration/Fire             1
   b - Throw Flame                    Conjuration/Fire             2
   c - Conjure Flame                  Conjuration/Fire             3
   d - Inner Flame                    Hexes/Fire                   3
   e - Sticky Flame                   Conjuration/Fire             4
   f - Fireball                       Conjuration/Fire             5
 p - Feugg's Reference Book on Contamination
   (You found it in a labyrinth)

   Spells                             Type                      Level
   a - Mephitic Cloud                 Conjuration/Poison/Air       3
   b - Ignite Poison                  Fire/Transmutation/Poison    3
   c - Spider Form                    Transmutation/Poison         3
 E - a book of Frost

   Spells                             Type                      Level
   a - Freeze                         Ice                          1
   b - Throw Frost                    Conjuration/Ice              2
   c - Ozocubu's Armour               Charms/Ice                   3
   d - Throw Icicle                   Conjuration/Ice              4
   e - Summon Ice Beast               Ice/Summoning                4
 L - a book of Geomancy

   Spells                             Type                      Level
   a - Sandblast                      Earth                        1
   b - Passwall                       Transmutation/Earth          2
   c - Stone Arrow                    Conjuration/Earth            3
   d - Petrify                        Transmutation/Earth          4
   e - Lee's Rapid Deconstruction     Earth                        5
 N - a manual of Dodging
 O - Sedirhijir's Collected Works on Damage Dealing
   (You found it in a labyrinth)

   Spells                             Type                      Level
   a - Static Discharge               Conjuration/Air              3
   b - Dazzling Spray                 Conjuration/Hexes            3
   c - Lightning Bolt                 Conjuration/Air              5
   d - Spellforged Servitor           Conjuration/Summoning        7
 Q - a book of Maledictions

   Spells                             Type                      Level
   a - Corona                         Hexes                        1
   b - Ensorcelled Hibernation        Hexes/Ice                    2
   c - Confuse                        Hexes                        3
   d - Tukima's Dance                 Hexes                        3
   e - Dazzling Spray                 Conjuration/Hexes            3
Miscellaneous
 S - a phantom mirror
 T - a phial of floods
Comestibles
 f - 6 bread rations
 m - 6 meat rations


   Skills:
 + Level 9.7 Fighting
   Level 1.0 Short Blades
 + Level 9.3 Maces & Flails
 + Level 5.9 Dodging
 - Level 4.1 Stealth
 + Level 7.4 Shields
 - Level 3.8 Charms
 - Level 3.8 Ice Magic
 - Level 3.2 Evocations


You had 7 spell levels left.
You knew the following spells:

 Your Spells              Type           Power        Failure   Level  Hunger
a - Ozocubu's Armour      Chrm/Ice       ##......     34%         3    ####...


Dungeon Overview and Level Annotations

Branches:
Dungeon (11/15)            Temple (0/1) D:7            Lair (0/6) D:10
    Orc: D:9-12

Altars:
Ashenzari
Elyvilon
Kikubaaqudgha
Nemelex Xobeh
Trog
Yredelemnul
The Shining One


Innate Abilities, Weirdness & Mutations

You cannot wear most types of armour.
You are very stealthy in the water. (Stealth+)
You are amphibious.
You can wear up to eight rings at the same time.
You can use your tentacles to constrict eight enemies at once.
Your skin changes colour to match your surroundings (Stealth+).
Your rubbery body absorbs attacks. (AC +1, EV +1)


Message History

You barely miss something. Something hits you but does no damage.
You feel much better. Something barely misses you. Something hits you!
* * * LOW HITPOINT WARNING * * *
You feel agile all of a sudden. Something completely misses you.
Something closely misses you.
You hit something but do no damage. You squeeze something!
You block something's attack. Something hits you!
* * * LOW HITPOINT WARNING * * *
You closely miss something. Your squeeze misses something.
You block something's attack. Something hits you!
* * * LOW HITPOINT WARNING * * *
You feel better. You block something's attack. Something hits you.
* * * LOW HITPOINT WARNING * * *
You closely miss something. You squeeze something! Something misses you.
You hit something. Something hits you!
* * * LOW HITPOINT WARNING * * *
You feel better. Something hits you!
* * * LOW HITPOINT WARNING * * *
You swing at nothing.
Something hits you!
You die...

#........####........#
.....###..###........#
.).....#.............#
.......#.#...........#
##.....#.##.(...######
#........#####.##
#.....(..# #..#
########### ####.# #8
##.###.###8##@#
...#...#...#...#)#
.:..)..(.....(.).#
.................#
................##
...#...#...#...##
#8###.###8###8## ##
### ### ###


There were no monsters in sight!

Vanquished Creatures
  A minotaur (Lab)
  A two-headed ogre (D:10)
  An ugly thing (D:11)
  A troll (D:10)
  A warg (D:9)
  3 slime creatures (D:11)
  Grinder (D:3)
  A hippogriff (D:8)
  Sigmund (D:2)
  2 steam dragons
  A shadow (Lab)
  2 hungry ghosts (Lab)
  Menkaure (D:5)
  2 sky beasts
  7 orc warriors
  4 ice beasts
  2 phantoms
  2 centaurs
  3 ogres
  A big kobold (D:10)
  4 bullfrogs
  7 scorpions
  A water moccasin skeleton (D:8)
  3 crimson imps
  2 quasits
  2 bullfrog zombies
  2 centaur skeletons
  5 jellies
  8 orc priests
  5 hounds
  Crazy Yiuf (D:5)
  A bullfrog skeleton (D:3)
  5 orc wizards
  3 iguanas
  6 worker ants
  A hound zombie (D:7)
  4 worker ant zombies
  6 gnolls
  8 adders
  3 shadow imps
  An adder skeleton (D:4)
  3 worms
  3 dart slugs
  4 leopard geckos
  38 orcs
  3 giant cockroaches
  7 goblins
  3 hobgoblins (D:2)
  12 jackals
  11 kobolds
  7 quokkas
  3 ball pythons
  4 bats
  4 frilled lizards
  A leopard gecko skeleton (D:7)
  3 rats (D:1)
222 creatures vanquished.

Vanquished Creatures (collateral kills)
  A wraith (D:10)
  2 jellies
  An orc wizard (D:8)
4 creatures vanquished.

Vanquished Creatures (others)
  A jelly (D:10)
  An orc priest (D:4)
  A gnoll (D:7)
  An orc (D:4)
4 creatures vanquished.

Grand Total: 230 creatures vanquished

Notes
Turn   | Place    | Note
-------+----------+-------------------------------------------
     0 | D:1      | Ijustatesigmund the Octopode Artificer began the quest for the Orb.
     0 | D:1      | Reached XP level 1. HP: 13/13 MP: 3/3
   225 | D:1      | Reached XP level 2. HP: 18/19 MP: 4/4
   937 | D:1      | Reached XP level 3. HP: 25/25 MP: 5/5
  1592 | D:2      | Reached skill level 1 in Maces & Flails
  1753 | D:2      | Reached XP level 4. HP: 27/31 MP: 6/6
  2046 | D:2      | Noticed Sigmund
  2056 | D:2      | Killed Sigmund
  2056 | D:2      | Reached XP level 5. HP: 37/37 MP: 7/7
  2056 | D:2      | Reached XP level 6. HP: 43/43 MP: 8/8
  2403 | D:3      | Noticed Grinder
  2415 | D:3      | Killed Grinder
  2415 | D:3      | Reached XP level 7. HP: 32/49 MP: 9/9
  3442 | D:4      | Reached skill level 5 in Fighting
  4121 | D:5      | Entered Level 5 of the Dungeon
  4235 | D:5      | Identified the Reference Book on Supportive Air
  4702 | D:5      | Reached XP level 8. HP: 44/56 MP: 10/10
  4848 | D:5      | Found a white marble altar of Elyvilon.
  4872 | D:5      | Noticed Menkaure
  4885 | D:5      | Killed Menkaure
  4885 | D:5      | Reached skill level 5 in Maces & Flails
  5049 | D:5      | Found a runed door.
  5053 | D:5      | Noticed Crazy Yiuf
  5056 | D:5      | Killed Crazy Yiuf
  5706 | D:6      | Reached skill level 1 in Shields
  5864 | D:6      | Got a shimmering brass ring
  5865 | D:6      | Identified the ring of Insomnia {rPois rF+ rN+ MR++ Dex+3} (You found it on level 6 of the Dungeon)
  6094 | D:6      | Found a glowing golden altar of the Shining One.
  6842 | D:7      | Reached XP level 9. HP: 49/64 MP: 11/11
  7298 | D:7      | Found a shattered altar of Ashenzari.
  7309 | D:7      | Found an ancient bone altar of Kikubaaqudgha.
  7857 | D:7      | Found a staircase to the Ecumenical Temple.
  8270 | D:8      | Found a bloodstained altar of Trog.
  8572 | D:8      | Identified a scroll of acquirement
  8605 | D:8      | Reached skill level 5 in Shields
  9146 | D:8      | Found a sparkling altar of Nemelex Xobeh.
  9228 | D:8      | Reached XP level 10. HP: 60/73 MP: 12/12
  9434 | D:9      | Found a basalt altar of Yredelemnul.
  9901 | D:9      | Learned a level 3 spell: Ozocubu's Armour
 10030 | D:10     | Entered Level 10 of the Dungeon
 10052 | D:9      | Reached skill level 1 in Charms
 10052 | D:9      | Reached skill level 1 in Ice Magic
 10742 | D:10     | Noticed a two-headed ogre
 11060 | D:11     | Noticed a green ugly thing
 11218 | D:11     | Killed a green ugly thing
 11338 | D:11     | Found a labyrinth entrance.
 11347 | Lab      | Entered a labyrinth
 11488 | Lab      | HP: 2/73 [something (25)]
 11663 | Lab      | Noticed a minotaur
 11677 | Lab      | Killed a minotaur
 11726 | Lab      | Identified Feugg's Reference Book on Contamination
 11726 | Lab      | Identified Sedirhijir's Collected Works on Damage Dealing
 12800 | D:11     | Reached XP level 11. HP: 80/80 MP: 13/13
 13105 | D:10     | Killed a two-headed ogre
 13105 | D:10     | Reached skill level 5 in Dodging
 13322 | D:10     | Found a staircase to the Lair.
 13742 | D:10     | HP: 4/81 [something (10)]
 13743 | D:10     | Slain by an unseen horror

Vault maps used:
D:1:      nzn_arrival_settlement
D:2:      uniq_sigmund
D:3:      uniq_grinder
D:4:      first_bread, supply_closet_lemuel
D:5:      elyvilon_altar_5, uniq_menkaure, uniq_crazy_yiuf_cottage
D:6:      nicolae_tso_swordbearing_angel
D:7:      minitemple, minmay_temple_entry_poolview, minmay_misc_feat_nine_boxes
D:8:      nemelex_xobeh_ov_fountains_minmay, basic_altar
D:9:      grunt_ogre_cave, yredelemnul_altar_generic
D:10:     erik_lair_orcish_takeover, david_orc_4
D:11:     lab_entry_generic
Lab:      labyrinth_mini_lab, labyrinth_baited_teleportation_trap,
          nicolae_lab_stuck, nicolae_lab_grate, nicolae_lab_x,
          labyrinth_skeletal_remains, nicolae_lab_checkerboard

Skill      XL: |  1  2  3  4  5  6  7  8  9 10 11 |
---------------+----------------------------------+-----
Fighting       | 2 3 4 5 7 8 9 |  9.7
Maces & Flails | 1 2 3 4 6 8 9 |  9.3
Stealth        | 2 4 |  4.1
Dodging        | 3 4 5 |  5.9
Shields        | 3 5 6 7 |  7.4
Charms         | 3 |  3.8
Ice Magic      | 3 |  3.8
Short Blades   | |  1.0
Evocations     | |  3.2

Action                   |  1- 3 |  4- 6 |  7- 9 | 10-12 || total
-------------------------+-------+-------+-------+-------++-------
Melee: Short sword       |    26 |       |       |       ||    26
       Constrict         |    20 |    11 |    75 |    36 ||   142
       Tentacles         |    12 |     7 |   106 |   101 ||   226
       Whip              |    35 |    39 |   382 |   304 ||   760
Throw: Throwing net      |       |       |     1 |     2 ||     3
Evoke: Wand              |       |     3 |    28 |    29 ||    60
  Use: Scroll            |     2 |     2 |    18 |     7 ||    29
       Potion            |     3 |     1 |     2 |    17 ||    23
 Stab: Sleeping          |     7 |     5 |    20 |     5 ||    37
       Held in net/web   |       |       |     2 |     4 ||     6
       Distracted        |       |       |     2 |       ||     2
       Betrayed ally     |       |       |     1 |       ||     1
       Confused          |       |       |       |     3 ||     3
  Eat: Chunk             |     3 |     2 |    15 |     5 ||    25
       Bread ration      |       |       |     1 |     2 ||     3
       Fruit             |       |       |       |     6 ||     6
       Royal jelly       |       |       |       |     1 ||     1
Armor: Skin              |     3 |     1 |    12 |     8 ||    24
Dodge: Dodged            |    34 |    17 |   189 |   104 ||   344
Block: Buckler           |       |       |    34 |       ||    34
       Shield            |       |       |    42 |   147 ||   189
       Reflection        |       |       |       |     9 ||     9

Table legend:
 A = Spawn XP
 B = Non-spawn XP
 C = Spawn XP percentage of total XP
 D = Spawn monster count
 E = Non-spawn monster count
 F = Spawn count percentage of total count
 G = Total turns spent on level
                    A         B        C        D         E        F      G
               +---------+---------+-------+---------+---------+-------+---------
         Total |       0 |   11925 |   0.0 |       0 |     226 |   0.0 | 13743
               +---------+---------+-------+---------+---------+-------+---------
           D:1 |       0 |      38 |   0.0 |       0 |      22 |   0.0 |  1142
           D:2 |       0 |     293 |   0.0 |       0 |      18 |   0.0 |  1098
           D:3 |       0 |     344 |   0.0 |       0 |      11 |   0.0 |   795
           D:4 |       0 |     480 |   0.0 |       0 |      25 |   0.0 |  1436
           D:5 |       0 |     467 |   0.0 |       0 |      12 |   0.0 |  1247
           D:6 |       0 |     490 |   0.0 |       0 |      16 |   0.0 |  1056
           D:7 |       0 |    1278 |   0.0 |       0 |      33 |   0.0 |  1305
           D:8 |       0 |    1367 |   0.0 |       0 |      22 |   0.0 |  1337
           D:9 |       0 |    1042 |   0.0 |       0 |      14 |   0.0 |  1497
          D:10 |       0 |    2482 |   0.0 |       0 |      30 |   0.0 |   769
          D:11 |       0 |    1944 |   0.0 |       0 |      19 |   0.0 |  1673
           Lab |       0 |    1700 |   0.0 |       0 |       4 |   0.0 |   388
               +---------+---------+-------+---------+---------+-------+---------
